 Dungeon Crawl Stone Soup version 0.16.1-2-g95b8d4c (webtiles) character file.

9038 inmateoo the Covert (level 11, -14/106 HPs)
             Began as an Octopode Arcane Marksman on Mar 24, 2015.
             Was an Elder of Vehumet.
             Demolished by a centaur simulacrum (24 damage)
             ... on level 10 of the Dungeon.
             The game lasted 00:31:11 (16290 turns).

inmateoo the Covert (Octopode Arcane Marksman)     Turns: 16290, Time: 00:31:11

Health: -14/106    AC:  6    Str: 19    XL:     11   Next: 40%
Magic:  21/23      EV: 14    Int: 22    God:    Vehumet [****..]
Gold:   691        SH:  0    Dex: 11    Spells: 8 memorised, 5 levels left

rFire  + . .     SeeInvis .     z - +2 quarterstaff of Eternal War {elec, rElec rF+ Str+4 Int+2}
rCold  . . .     Clarity  .     (no shield)
rNeg   + . .     SustAb   .     (helmet restricted)
rPois  +         Gourm    .     k - amulet of warding
rElec  +         Spirit   .     (no ring)
rCorr  .         Warding  +     (no ring)
rMut   .         Stasis   .     (no ring)
MR     .....                    (no ring)
Stlth  ..........               (no ring)
                                (no ring)
                                (no ring)
                                (no ring)

@: berserking, icy armour, very quick, not resistant to hostile enchantments,
extremely unstealthy
A: almost no armour, amphibious, 8 rings, constrict 8, camouflage 1, low mp 1,
poison resistance, gelatinous body 1, no device heal 1, placid magic 1
a: Renounce Religion


You were on level 10 of the Dungeon.
You worshipped Vehumet.
Vehumet was greatly pleased with you.
You were not hungry.

You visited 2 branches of the dungeon, and saw 11 of its levels.
You also visited: Sewer.

You collected 691 gold pieces.

Inventory:

Hand weapons
 q - a +3 whip of electrocution
 t - a +0 blowgun
 z - the +2 quarterstaff of Eternal War (weapon) {elec, rElec rF+ Str+4 Int+2}
   (You found it on level 7 of the Dungeon)

   Occasionally, upon striking a foe, it will discharge some electrical energy
   and cause terrible harm.
   It affects your strength (+4).
   It affects your intelligence (+2).
   It protects you from fire.
   It insulates you from electricity.
Missiles
 e - 45 poisoned needles
 l - 4 javelins (quivered)
Jewellery
 k - an amulet of warding (around mantle)
 p - an uncursed ring of teleportation
Magical devices
 c - a wand of cold (6)
 g - a wand of confusion (24)
 r - a wand of digging (11)
 x - a wand of slowing (22)
 y - a wand of disintegration (0)
 C - a wand of magic darts (0)
 D - a wand of teleportation (4)
 L - a wand of fireball (5)
 M - a wand of frost (20)
Scrolls
 j - 4 scrolls of teleportation
 m - 5 scrolls of remove curse
 n - 2 scrolls of fog
 B - 3 scrolls of magic mapping
 H - a scroll of enchant armour
 K - a scroll of recharging
Potions
 a - 6 potions of curing {unknown}
 b - 3 potions of cancellation
 i - 2 potions of heal wounds
 o - 3 potions of agility
 s - 3 potions of restore abilities
 u - a potion of ambrosia
 v - a potion of cure mutation {unknown}
Books
 d - a book of Debilitation

   Spells                             Type                      Level
   a - Corona                         Hexes                        1
   b - Slow                           Hexes                        2
   c - Inner Flame                    Hexes/Fire                   3
   d - Enslavement                    Hexes                        4
   e - Cause Fear                     Hexes                        4
   f - Leda's Liquefaction            Hexes/Earth                  4
 A - a book of Battle

   Spells                             Type                      Level
   a - Infusion                       Charms                       1
   b - Shroud of Golubria             Charms/Translocation         2
   c - Song of Slaying                Charms                       2
   d - Spectral Weapon                Hexes/Charms                 3
   e - Regeneration                   Charms/Necromancy            3
 E - a book of Necromancy

   Spells                             Type                      Level
   a - Pain                           Necromancy                   1
   b - Animate Skeleton               Necromancy                   1
   c - Vampiric Draining              Necromancy                   3
   d - Regeneration                   Charms/Necromancy            3
   e - Animate Dead                   Necromancy                   4
   f - Control Undead                 Necromancy                   4
 F - a book of Frost

   Spells                             Type                      Level
   a - Freeze                         Ice                          1
   b - Throw Frost                    Conjuration/Ice              2
   c - Ozocubu's Armour               Charms/Ice                   3
   d - Throw Icicle                   Conjuration/Ice              4
   e - Summon Ice Beast               Ice/Summoning                4
   f - Condensation Shield            Ice                          4
Comestibles
 f - 12 bread rations
 h - 9 meat rations
 w - 2 chunks of flesh
 I - a slice of pizza


   Skills:
 - Level 5.1 Fighting
 + Level 3.3 Staves
 - Level 2.0 Throwing
 - Level 5.5 Dodging
 - Level 10.8 Stealth
 - Level 5.1 Unarmed Combat
 + Level 7.1 Spellcasting
 - Level 7.0 Conjurations
 - Level 5.0 Hexes
 * Level 5.0 Ice Magic


You had 5 spell levels left.
You knew the following spells:

 Your Spells              Type           Power        Failure   Level  Hunger
a - Magic Dart            Conj           ####         1%          1    None
b - Regeneration          Chrm/Necr      #.........   16%         3    None
c - Enslavement           Hex            ###.....     5%          4    ###....
d - Slow                  Hex            ###.....     1%          2    None
e - Corona                Hex            ###....      1%          1    None
f - Throw Flame           Conj/Fire      ###...       1%          2    None
g - Mephitic Cloud        Conj/Pois/Air  ##......     1%          3    None
h - Ozocubu's Armour      Chrm/Ice       ##......     5%          3    None


Dungeon Overview and Level Annotations

Branches:
Dungeon (10/15)            Temple (1/1) D:5             Orc (0/4) D:9
   Lair: D:8-11

Altars:
Ashenzari
Cheibriados
Dithmenos
Elyvilon
Fedhas
Gozag
Kikubaaqudgha
Makhleb
Nemelex Xobeh
Okawaru
Qazlal
Ru
Sif Muna
Trog
Vehumet
Xom
Yredelemnul
Zin
The Shining One
Beogh

Annotations:
D:4 Dowan, Duvessa


Innate Abilities, Weirdness & Mutations

You cannot wear most types of armour.
You are amphibious.
You can wear up to eight rings at the same time.
You can use your tentacles to constrict many enemies at once.
Your skin changes colour to match your surroundings (Stealth).
Your rubbery body absorbs attacks (AC +1).
Your magical capacity is low (-10% MP).
Your system is resistant to poisons.
Potions and wands are less effective at restoring your health.
Your spells are a little easier to cast, but a little less powerful.


Message History

HP restored.
A wolf and a simulacrum come into view.
Casting: Magic Dart
Confirm with . or Enter, or press ? or * to list all spells.
A film of ice covers your body!
The wolf barks!
The centaur simulacrum barely misses you.
The centaur simulacrum hits you. The centaur simulacrum freezes you!!
You hit the centaur simulacrum! You squeeze the centaur simulacrum.
The wolf closely misses you. The wolf completely misses you.
The centaur simulacrum hits you. The centaur simulacrum freezes you!!
* * * LOW HITPOINT WARNING * * *
Unknown command.
Drink which item? (? for menu, Esc to quit)
A red film seems to cover your vision as you go berserk!
You feel yourself moving faster!
You feel mighty! The wolf barely misses you. The centaur simulacrum hits you.
* * * LOW HITPOINT WARNING * * *
The centaur simulacrum freezes you!!
You die...

############
#..@.......#########
#.Zh..≈...........≈.
#..≈≈≈≈.≈≈≈≈≈≈≈≈≈≈..
#..≈≈≈≈.........≈≈..
#...≈≈≈...≈..∩...≈≈≈
#..≈≈≈≈≈≈≈≈....≈...≈
#..≈≈≈.≈≈≈....≈≈...≈
#...≈≈≈≈≈≈≈≈≈≈≈≈≈≈≈≈
#(.≈≈..≈.≈≈...≈≈.≈..


You could see a wolf and a centaur simulacrum.

Vanquished Creatures
  A hill giant (D:10)
  Maurice (D:8)
  Joseph (D:7)
  A cyclops (D:8)
  A kobold demonologist (Sewer)
  A troll (D:7)
  Grinder (D:4)
  Prince Ribbit (D:8)
  A deep elf mage (D:7)
  2 wraiths (D:10)
  A hungry ghost (D:7)
  Eustachio (D:7)
  A hippogriff (D:10)
  A spriggan (D:7)
  Grum (D:9)
  3 wolves
  4 ice beasts
  A water moccasin (D:10)
  4 orc warriors
  3 sky beasts
  6 ogres
  Sigmund (D:4)
  2 big kobolds (Sewer)
  Blork the orc (D:9)
  6 giant frogs
  A gnoll sergeant (D:6)
  A wyvern zombie (D:7)
  4 jellies
  A wyvern skeleton (D:10)
  2 electric eels (D:10)
  3 scorpions
  3 killer bees (D:7)
  A vampire bat (D:5)
  2 crimson imps
  4 goliath beetles
  3 giant frog skeletons
  Crazy Yiuf (D:7)
  7 orc priests
  A lava snake (D:10)
  6 hounds
  14 orc wizards
  A centaur skeleton (D:7)
  Natasha (thrice) (D:6)
  A quasit (D:10)
  7 worker ants
  2 sheep (D:8)
  A giant frog simulacrum (D:10)
  3 iguanas
  Ijyb (D:5)
  A big kobold zombie (Sewer)
  A mummy (D:7)
  A hound skeleton (D:6)
  A worker ant zombie (D:10)
  A hound simulacrum (D:10)
  2 river rats (D:4)
  14 gnolls
  7 shadow imps
  12 adders
  3 giant mites
  2 white imps (D:10)
  2 worms (D:3)
  5 ufetubi
  2 adder skeletons
  3 fire bats (D:5)
  12 giant geckos
  4 oozes
  37 orcs
  2 spectral bats (D:5)
  22 bats
  3 bat skeletons
  2 bat zombies
  11 goblins
  14 hobgoblins
  15 jackals
  2 quokkas
  A ball python (D:4)
  A bat simulacrum (D:5)
  14 giant cockroaches
  2 giant newts
  27 kobolds
  A kobold zombie (Sewer)
  A quokka skeleton (D:4)
  17 rats
  A fungus (D:7)
366 creatures vanquished.

Vanquished Creatures (others)
  A quokka (D:4)
  A giant newt (D:4)
  A kobold (D:4)
  A kobold zombie (Sewer)
4 creatures vanquished.

Grand Total: 370 creatures vanquished

Notes
Turn   | Place    | Note
--------------------------------------------------------------
     0 | D:1      | inmateoo, the Octopode Arcane Marksman, began the quest for the Orb.
     0 | D:1      | Reached XP level 1. HP: 13/13 MP: 2/2
   220 | D:1      | Reached XP level 2. HP: 12/19 MP: 3/3
   357 | D:1      | Reached skill level 1 in Stealth
   797 | D:1      | Reached XP level 3. HP: 21/24 MP: 4/4
  1007 | D:2      | Learned a level 2 spell: Slow
  1238 | D:2      | Reached skill level 1 in Unarmed Combat
  1681 | D:2      | Reached XP level 4. HP: 24/29 MP: 6/6
  2068 | D:3      | Found a shadowy altar of Dithmenos.
  2491 | D:3      | Reached XP level 5. HP: 21/34 MP: 7/7
  2919 | D:3      | Gained mutation: Your spells are a little easier to cast, but a little less powerful. [potion of mutation]
  2919 | D:3      | Gained mutation: Your magical capacity is low (-10% MP). [potion of mutation]
  2919 | D:3      | Gained mutation: Your system is resistant to poisons. [potion of mutation]
  2952 | D:3      | Reached skill level 4 in Stealth
  3143 | D:3      | Reached XP level 6. HP: 17/39 MP: 7/9
  3720 | D:4      | Found a staircase to the Ecumenical Temple.
  3983 | D:4      | Found a burning altar of Makhleb.
  4048 | D:4      | Learned a level 4 spell: Enslavement
  4169 | D:4      | Found a glowing drain.
  4180 | D:4      | Reached XP level 7. HP: 17/45 MP: 10/10
  4262 | Sewer    | Entered a sewer
  4596 | Sewer    | Reached skill level 5 in Stealth
  4877 | Sewer    | Found a burning altar of Makhleb.
  5208 | Sewer    | Noticed an apprentice kobold demonologist
  5313 | Sewer    | Killed an apprentice kobold demonologist
  5313 | Sewer    | Reached skill level 6 in Stealth
  5313 | Sewer    | Reached XP level 8. HP: 42/52 MP: 12/14
  5391 | D:4      | Found a white marble altar of Elyvilon.
  5444 | D:4      | Noticed Grinder
  5444 | D:4      | Noticed Dowan
  5450 | D:4      | Noticed Duvessa
  5529 | D:4      | Killed Grinder
  5806 | D:4      | Found a stormy altar of Qazlal.
  5820 | D:4      | Noticed Sigmund
  5834 | D:4      | Killed Sigmund
  5834 | D:4      | Reached skill level 7 in Stealth
  5935 | D:5      | Entered Level 5 of the Dungeon
  5951 | D:5      | Found an iron altar of Okawaru.
  6182 | D:5      | Noticed Ijyb
  6196 | D:5      | Killed Ijyb
  6237 | D:5      | Reached skill level 5 in Unarmed Combat
  6319 | D:5      | Reached XP level 9. HP: 50/58 MP: 16/16
  6539 | D:5      | Reached skill level 8 in Stealth
  6539 | D:5      | Reached skill level 5 in Hexes
  6864 | D:5      | Found a staircase to the Ecumenical Temple.
  6961 | Temple   | Entered the Ecumenical Temple
  7010 | Temple   | Became a worshipper of Vehumet
  7477 | D:6      | Found a deep blue altar of Sif Muna.
  7683 | D:6      | Noticed Natasha
  7692 | D:6      | Killed Natasha
  7876 | D:6      | Noticed Natasha
  7886 | D:6      | Killed Natasha
  8013 | D:6      | Reached skill level 9 in Stealth
  8374 | D:6      | Found a bloodstained altar of Trog.
  8421 | D:6      | Noticed Natasha
  8430 | D:6      | Killed Natasha
  8507 | D:7      | Noticed Joseph
  8591 | D:7      | Killed Joseph
  8788 | D:7      | Reached skill level 5 in Dodging
  8788 | D:7      | Reached skill level 10 in Stealth
  8804 | D:7      | Noticed Eustachio
  8976 | D:7      | Killed Eustachio
  9030 | D:7      | Learned a level 3 spell: Regeneration
  9045 | D:7      | Acquired Vehumet's first power
  9045 | D:7      | Offered knowledge of Magic Dart by Vehumet.
  9048 | D:7      | Learned a level 1 spell: Magic Dart
  9173 | D:7      | HP: 1/60 [troll (9)]
  9177 | D:7      | Reached skill level 5 in Fighting
  9177 | D:7      | Reached skill level 1 in Conjurations
  9453 | D:7      | Reached skill level 5 in Spellcasting
  9453 | D:7      | Reached XP level 10. HP: 19/66 MP: 19/19
  9752 | D:7      | Got a jewelled quarterstaff
  9753 | D:7      | Identified the cursed +2 quarterstaff of Eternal War {elec, rElec rF+ Str+4 Int+2} (You found it on level 7 of the Dungeon)
 10813 | D:7      | Offered knowledge of Throw Flame by Vehumet.
 10817 | D:7      | Learned a level 2 spell: Throw Flame
 11480 | D:7      | Noticed Crazy Yiuf
 11488 | D:7      | Killed Crazy Yiuf
 11632 | D:8      | Noticed Maurice
 11646 | D:8      | Killed Maurice
 11646 | D:8      | Reached skill level 5 in Conjurations
 11741 | D:8      | Gained mutation: Potions and wands are less effective at restoring your health. [mutagenic meat]
 12014 | D:8      | Noticed a cyclops
 12028 | D:8      | Killed a cyclops
 12155 | D:8      | Found a glowing golden altar of the Shining One.
 12381 | D:8      | Offered knowledge of Mephitic Cloud by Vehumet.
 12403 | D:8      | Learned a level 3 spell: Mephitic Cloud
 12407 | D:8      | Learned a level 3 spell: Ozocubu's Armour
 12695 | D:8      | Noticed Prince Ribbit
 12706 | D:8      | Killed Prince Ribbit
 12706 | D:8      | Reached skill level 1 in Staves
 12706 | D:8      | Reached skill level 1 in Ice Magic
 12924 | D:9      | Found a roughly hewn altar of Beogh.
 13310 | D:9      | Found a staircase to the Orcish Mines.
 13559 | D:9      | Noticed Blork the orc
 13565 | D:9      | Killed Blork the orc
 13565 | D:9      | Acquired Vehumet's second power
 13706 | D:9      | Noticed Grum
 13715 | D:9      | Reached XP level 11. HP: 61/71 MP: 19/22
 13733 | D:9      | Killed Grum
 13942 | D:10     | Entered Level 10 of the Dungeon
 14161 | D:10     | Offered knowledge of Olgreb's Toxic Radiance by Vehumet.
 14470 | D:10     | Found a staircase to the Orcish Mines.
 14610 | D:10     | Acquired Vehumet's third power
 14867 | D:10     | Noticed a hill giant
 14925 | D:10     | Killed a hill giant
 16186 | D:10     | Reached skill level 5 in Ice Magic
 16290 | D:10     | Demolished by a centaur simulacrum

Action                   |  1- 3 |  4- 6 |  7- 9 | 10-12 || total
-------------------------+-------+-------+-------+-------++-------
Melee: Unarmed           |    70 |    11 |       |       ||    81
       Whip              |       |   103 |   319 |    26 ||   448
       Quarterstaff      |       |       |       |   343 ||   343
 Fire: Blowgun           |       |       |    48 |    33 ||    81
Throw: Javelin           |     4 |    18 |    11 |     6 ||    39
       Throwing net      |       |     2 |    10 |     1 ||    13
 Cast: Slow              |       |       |     5 |     7 ||    12
       Magic Dart        |       |       |     4 |     5 ||     9
       Corona            |       |       |     2 |     2 ||     4
       Throw Flame       |       |       |       |    16 ||    16
       Regeneration      |       |       |       |    12 ||    12
       Ozocubu's Armour  |       |       |       |    11 ||    11
       Mephitic Cloud    |       |       |       |     2 ||     2
Evoke: Wand              |       |       |       |     9 ||     9
  Use: Scroll            |     3 |    10 |     7 |     7 ||    27
       Potion            |       |     1 |     4 |     4 ||     9
 Stab: Sleeping          |     6 |     8 |    17 |    17 ||    48
       Distracted        |       |     1 |       |     2 ||     3
       Invisible         |       |       |     1 |       ||     1
       Held in net/web   |       |       |       |     1 ||     1
  Eat: Chunk             |     2 |     8 |    16 |    22 ||    48
       Fruit             |       |       |     2 |       ||     2
       Royal jelly       |       |       |       |     1 ||     1
